 Dungeon Crawl Stone Soup version 0.29.0-4-gdea44cf6ec (webtiles) character file.

Game seed: 16598474555653376227

1820 qw the Cleaver (level 9, -6/52 HPs)
             Began as a Tengu Warper on Aug 28, 2022.
             Was a Believer of Okawaru.
             Mangled by Duvessa
             ... wielding a +0 rapier
              (13 damage)
             ... on level 6 of the Dungeon.
             The game lasted 00:00:36 (6099 turns).

qw the Cleaver (Tengu Warper)                       Turns: 6099, Time: 00:00:36

Health: -6/52      AC: 15    Str: 15    XL:     9   Next: 10%
Magic:  13/13      EV:  8    Int: 14    God:    Okawaru [**....]
Gold:   333        SH:  0    Dex: 14    Spells: 12/12 levels left

rFire   . . .      SeeInvis .   Y - +4 hand axe
rCold   . . .      Faith    .   (no shield)
rNeg    . . .      Spirit   .   j - +0 plate armour
rPois   .          Reflect  .   (helmet restricted)
rElec   .          Harm     .   (no cloak)
rCorr   .          Rampage  .   h - +0 pair of gloves
Will    .....                   (boots unavailable)
Stlth   ..........              (no amulet)
HPRegen 0.17/turn               (no ring)
MPRegen 0.13/turn               (no ring)

@: about to teleport, heroic, flying quickly and evasively, quick
A: beak, talons 3, nimble flight
a: Renounce Religion, Heroism


You were on level 6 of the Dungeon.
You worshipped Okawaru.
Okawaru was pleased with you.
You visited 2 branches of the dungeon, and saw 7 of its levels.

You collected 393 gold pieces.
You spent 60 gold pieces at shops.


Innate Abilities, Weirdness & Mutations

You have a beak for a mouth.
You have claws for feet.
Your magical nature lets you fly swiftly and evasively.


   Skills:
 - Level 4.0(9.0) Fighting
 + Level 9.6(14.6) Axes
 - Level 2.5(7.5) Throwing
 - Level 4.5(9.5) Armour
 - Level 2.1(7.1) Dodging
 - Level 2.0 Spellcasting
 - Level 2.4 Translocations
 - Level 4.1 Invocations


You had 12 spell levels left.
You didn't know any spells.
Your spell library contained the following spells:

 Spells                   Type           Power      Damage    Failure   Level
 Blink                    Tloc           16%        N/A       99%         2
 Gell's Gravitas          Tloc           8%         N/A       100%        3
 Lesser Beckoning         Tloc           8%         N/A       100%        3
 Teleport Other           Tloc           8%         N/A       100%        3
 Manifold Assault         Tloc           8%         N/A       100%        5

Inventory:

Hand Weapons
 c - a +2 vampiric whip
 Y - a +4 hand axe (weapon)
Missiles
 e - 2 javelins (quivered)
 f - 8 boomerangs
Armour
 h - a +0 pair of gloves (worn)
 j - a +0 plate armour (worn)
 l - an orb of mayhem
Jewellery
 m - a ring of fire
 p - an amulet of guardian spirit
Scrolls
 a - a scroll of identify
Potions
 b - a potion of resistance
 d - a potion of cancellation {unknown}
 g - a potion of magic {unknown}
 k - a potion of haste
 n - a potion of attraction {unknown}
 o - a potion of degeneration {unknown}

Dungeon Overview and Level Annotations

Branches:
Dungeon (6/15)             Temple (1/1) D:4

Altars:
Ashenzari
Cheibriados
Dithmenos
Elyvilon
Fedhas
Gozag
Hepliaklqana
Okawaru
Qazlal
Sif Muna
Trog
Vehumet
Xom
Yredelemnul
Zin
The Shining One

Shops:
D:2 =[!   D:5 *

Annotations:
D:6 Duvessa


Message History

Duvessa shouts!
Duvessa goes berserk!
Duvessa rages.
You hit Duvessa but do no damage. You claw Duvessa, but do no damage.
You peck Duvessa, but do no damage. Duvessa hits you with a +0 rapier!
You closely miss Duvessa. You claw Duvessa, but do no damage.
Duvessa hits you with a +0 rapier!
You hit Duvessa but do no damage. You claw Duvessa. Your peck misses Duvessa.
Duvessa is lightly wounded.
Duvessa closely misses you.
You slash Duvessa! You claw Duvessa!
Duvessa is heavily wounded.
Duvessa hits you but does no damage.
You hit Duvessa but do no damage.
Duvessa is heavily wounded.
You hit Duvessa. Your kick misses Duvessa.
Duvessa is heavily wounded.
Duvessa hits you with a +0 rapier!
You barely miss Duvessa. You claw Duvessa, but do no damage.
Your peck misses Duvessa.
Duvessa is heavily wounded.
Duvessa hits you with a +0 rapier.
You closely miss Duvessa. You claw Duvessa, but do no damage.
Duvessa is heavily wounded.
Duvessa hits you with a +0 rapier!
You hit Duvessa. You peck Duvessa, but do no damage.
Duvessa is heavily wounded.
Duvessa hits you with a +0 rapier.
6097 ||| READING scroll of teleportation.
As you read the scroll of teleportation, it crumbles to dust.
You feel strangely unstable. Duvessa hits you but does no damage.
Duvessa hits you with a +0 rapier.
You hit Duvessa. You claw Duvessa, but do no damage.
You peck Duvessa, but do no damage.
Duvessa is severely wounded.
You hit Duvessa. You claw Duvessa, but do no damage. You peck Duvessa.
Duvessa is severely wounded.
Duvessa hits you with a +0 rapier!
You die...

#.#
#)######).#....
#.# #.# #...##...
#.#
#.#####.#......
#.#
#.......#####..
..##
#####..######..
...#####
##........#..
.......# #####
######..######.#..
....##.#
#....##.........#
#.#.. ###.##<#
#.....e@####....#
#.#.. ....####
#.....### #....#
#.#.# ....#
#.....# #....#
#.#.# ..#.#
#...... ######
#.#.# ....#
#(...e. #.#.#
..### #..#....
#.#.# >.# #.##....
#.#.# ..# ###..
#..... #.#.# .##
.... #.#.#


You could see Duvessa (berserk).

Vanquished Creatures
  Sigmund (D:6)
  Edmund (D:4)
  A water moccasin (D:5)
  A sky beast (D:6)
  3 ogres
  A phantom (D:5)
  A wyvern zombie (D:5)
  2 bullfrogs (D:6)
  A scorpion (D:6)
  Dowan (D:6)
  2 bullfrog zombies (D:5)
  2 orc priests (D:5)
  4 hounds
  A jelly (D:6)
  An iguana (D:5)
  A scorpion zombie (D:5)
  6 orc wizards
  A hound zombie (D:5)
  A howler monkey zombie (D:5)
  7 gnolls
  6 adders
  A white imp (D:5)
  An ufetubus (D:6)
  2 worms (D:2)
  3 dart slugs
  16 orcs
  5 endoplasms
  4 giant cockroaches
  4 goblins
  8 hobgoblins
  3 jackals (D:3)
  5 quokkas
  5 ball pythons
  5 bats
  3 frilled lizards
  3 kobolds
  7 rats
120 creatures vanquished.

Vanquished Creatures (others)
  2 plants (D:5)
2 creatures vanquished.

Grand Total: 122 creatures vanquished

Notes
Turn   | Place    | Note
-------+----------+-------------------------------------------
     0 | D:1      | qw the Tengu Warper began the quest for the Orb.
     0 | D:1      | Reached XP level 1. HP: 12/12 MP: 4/4
     0 | D:1      | 0 ||| qw: Version: 0.1-a-89-g26bdef1
     0 | D:1      | 0 ||| qw: Game counter: 899
     0 | D:1      | 0 ||| qw: Always use a shield: true
     0 | D:1      | 0 ||| qw: God list: Okawaru
     0 | D:1      | 0 ||| qw: Allow faded altars: false
     0 | D:1      | 0 ||| qw: Do Orc after D:15 true
     0 | D:1      | 0 ||| qw: Do second Lair branch before Depths: true
     0 | D:1      | 0 ||| qw: Lair rune preference: random
     0 | D:1      | 0 ||| qw: Plans: Normal
     0 | D:1      | 0 ||| PLANNING D:1-11
   284 | D:1      | Found a faded altar of an unknown god.
   666 | D:1      | 666 ||| UPGRADING to +0 ring mail.
   676 | D:1      | 676 ||| DROPPING +0 leather armour.
   677 | D:1      | 677 ||| READING scroll labelled WOMU BOBBE.
   678 | D:1      | 678 ||| READING scroll labelled YDEILA FIXU.
   679 | D:1      | 679 ||| DROPPING scroll of blinking.
   706 | D:2      | 706 ||| Stepping ~*~*~tactically~*~*~ (stealth).
   713 | D:2      | Reached XP level 2. HP: 17/17 MP: 6/6
   714 | D:2      | Reached skill level 3 in Axes
   883 | D:2      | Identified the +0 ring mail of Winter {Harm rF+ Int+2
                  | Dex-5}
   896 | D:2      | Found Vaor's Antique Armour Emporium.
   899 | D:2      | 899 ||| SHOPLISTING chain mail (112 gold, have 52).
   899 | D:2      | 899 ||| SHOPLISTING cloak (112 gold, have 52).
   899 | D:2      | 899 ||| SHOPLISTING embroidered cloak (187 gold, have 52).
   965 | D:2      | Found Oriple Yhips's Jewellery Boutique.
   979 | D:2      | 979 ||| SHOPLISTING +4 ring of evasion (432 gold, have 59).
   979 | D:2      | 979 ||| SHOPLISTING +6 ring of dexterity (432 gold, have
                  | 59).
   979 | D:2      | 979 ||| SHOPLISTING +6 ring of strength (432 gold, have
                  | 59).
   979 | D:2      | 979 ||| SHOPLISTING ring of fire (300 gold, have 59).
   979 | D:2      | 979 ||| SHOPLISTING ring of ice (300 gold, have 59).
   979 | D:2      | 979 ||| SHOPLISTING ring of poison resistance (240 gold,
                  | have 59).
   979 | D:2      | 979 ||| SHOPLISTING ring of positive energy (240 gold, have
                  | 59).
   979 | D:2      | 979 ||| SHOPLISTING ring of see invisible (180 gold, have
                  | 59).
  1043 | D:2      | Found Acrijata's Distillery.
  1058 | D:2      | Reached XP level 3. HP: 11/21 MP: 7/7
  1197 | D:2      | 1197 ||| BUYING 2 potions of curing (60 gold).
  1197 | D:2      | Bought 2 potions of curing for 60 gold pieces
  1197 | D:2      | 1197 ||| SHOPLISTING potion of curing (30 gold, have 9).
  1197 | D:2      | 1197 ||| SHOPLISTING potion of heal wounds (50 gold, have
                  | 9).
  1204 | D:2      | 1204 ||| Stepping ~*~*~tactically~*~*~ (stealth).
  1205 | D:2      | 1205 ||| Stepping ~*~*~tactically~*~*~ (stealth).
  1220 | D:2      | 1220 ||| Stepping ~*~*~tactically~*~*~ (stealth).
  1258 | D:2      | Reached skill level 4 in Axes
  1416 | D:2      | 1416 ||| DROPPING +0 ring mail of Winter {Harm rF+ Int+2
                  | Dex-5}.
  1417 | D:2      | 1417 ||| UPGRADING to +0 plate armour.
  1427 | D:2      | 1427 ||| DROPPING +0 ring mail.
  1428 | D:2      | 1428 ||| READING 2 scrolls labelled OFREEVVUCI.
  1429 | D:2      | 1429 ||| DRINKING 3 brown potions.
  1430 | D:2      | 1430 ||| DROPPING scroll of vulnerability.
  1473 | D:3      | 1473 ||| Stepping ~*~*~tactically~*~*~ (stealth).
  1474 | D:3      | 1474 ||| Stepping ~*~*~tactically~*~*~ (stealth).
  1475 | D:3      | 1475 ||| Stepping ~*~*~tactically~*~*~ (stealth).
  1477 | D:3      | 1477 ||| Stepping ~*~*~tactically~*~*~ (stealth).
  1478 | D:3      | 1478 ||| Stepping ~*~*~tactically~*~*~ (stealth).
  1539 | D:3      | 1539 ||| Stepping ~*~*~tactically~*~*~ (hiding).
  1736 | D:3      | Found a shadowy altar of Dithmenos.
  1832 | D:3      | Reached XP level 4. HP: 22/26 MP: 8/8
  2035 | D:3      | 2035 ||| Stepping ~*~*~tactically~*~*~ (stealth).
  2118 | D:3      | 2118 ||| Stepping ~*~*~tactically~*~*~ (stealth).
  2119 | D:3      | 2119 ||| Stepping ~*~*~tactically~*~*~ (stealth).
  2254 | D:3      | 2254 ||| Stepping ~*~*~tactically~*~*~ (stealth).
  2407 | D:3      | Found a sparkling altar of Nemelex Xobeh.
  2409 | D:3      | Found a radiant altar of Vehumet.
  2409 | D:3      | Found a shimmering blue altar of Sif Muna.
  2411 | D:3      | Found a shimmering altar of Xom.
  2411 | D:3      | Found a glowing golden altar of the Shining One.
  2411 | D:3      | Found a radiant altar of Vehumet.
  2536 | D:3      | 2536 ||| READING scroll of enchant weapon.
  2536 | D:3      | 2536 ||| ENCHANTING +1 hand axe.
  2614 | D:3      | 2614 ||| DROPPING ring of wizardry.
  2615 | D:3      | 2615 ||| READING 2 scrolls labelled KISEKKUDAS.
  2616 | D:3      | 2616 ||| READING scroll labelled KIROEL RAMNAH.
  2617 | D:3      | 2617 ||| DRINKING 2 orange potions.
  2695 | D:4      | 2695 ||| Stepping ~*~*~tactically~*~*~ (stealth).
  2696 | D:4      | 2696 ||| Stepping ~*~*~tactically~*~*~ (stealth).
  2715 | D:4      | 2715 ||| Stepping ~*~*~tactically~*~*~ (stealth).
  2725 | D:4      | Reached skill level 5 in Axes
  2725 | D:4      | Gained mutation: Your magical nature lets you fly swiftly
                  | and evasively. [Tengu growth]
  2725 | D:4      | Reached XP level 5. HP: 16/28 MP: 9/9
  2730 | D:4      | HP: 7/29 [something (2)]
  2967 | D:4      | Noticed Edmund
  2981 | D:4      | Killed Edmund
  2982 | D:4      | Reached skill level 6 in Axes
  2982 | D:4      | Reached XP level 6. HP: 21/35 MP: 10/10
  3135 | D:4      | 3135 ||| DROPPING +0 whip.
  3160 | D:4      | Found a staircase to the Ecumenical Temple.
  3161 | D:4      | 3161 ||| PLANNING TEMPLE
  3161 | D:4      | 3161 ||| DRINKING 3 ruby potions.
  3162 | D:4      | 3162 ||| DROPPING 2 potions of brilliance.
  3171 | Temple   | Entered the Ecumenical Temple
  3311 | Temple   | 3311 ||| PLANNING D:1-11
  3397 | D:4      | 3397 ||| DROPPING +0 flail of holy wrath.
  3400 | D:4      | Found an iron altar of Okawaru.
  3407 | D:4      | Became a worshipper of Warmaster Okawaru
  3472 | D:4      | Found a bloodstained altar of Trog.
  3571 | D:4      | 3571 ||| READING scroll labelled ZOWE EMYHIETWISK.
  3572 | D:4      | 3572 ||| READING scroll labelled EPHYTO TOIREW.
  3595 | D:5      | Entered Level 5 of the Dungeon
  3596 | D:5      | 3596 ||| PLANNING SEWER
  3651 | D:5      | Reached skill level 7 in Axes
  3655 | D:5      | Found a basalt altar of Yredelemnul.
  3780 | D:5      | 3780 ||| Stepping ~*~*~tactically~*~*~ (stealth).
  3783 | D:5      | 3783 ||| Stepping ~*~*~tactically~*~*~ (hiding).
  3793 | D:5      | Reached skill level 3 in Armour
  3797 | D:5      | Reached XP level 7. HP: 23/40 MP: 11/11
  3937 | D:5      | 3937 ||| DRINKING 3 potions of curing.
  3937 | D:5      | 3937 ||| (to cure confusion)
  3941 | D:5      | Reached skill level 3 in Fighting
  4187 | D:5      | Found a white marble altar of Elyvilon.
  4187 | D:5      | Found a glowing golden altar of the Shining One.
  4187 | D:5      | Found a glowing silver altar of Zin.
  4252 | D:5      | HP: 10/41 [wyvern zombie (7)]
  4253 | D:5      | 4253 ||| DRINKING 2 potions of heal wounds.
  4255 | D:5      | Reached * piety under Okawaru
  4256 | D:5      | Reached skill level 8 in Axes
  4307 | D:5      | 4307 ||| RIP SEWER
  4313 | D:5      | 4313 ||| PLANNING D:1-11
  4318 | D:5      | 4318 ||| INVOKING Heroism.
  4324 | D:5      | Reached skill level 1 in Invocations
  4333 | D:5      | 4333 ||| INVOKING Heroism.
  4337 | D:5      | HP: 6/41 [water moccasin (7)]
  4338 | D:5      | 4338 ||| DRINKING potion of heal wounds.
  4341 | D:5      | Reached XP level 8. HP: 32/46 MP: 8/12
  4398 | D:5      | 4398 ||| FLEEEEING.
  4466 | D:5      | 4466 ||| READING scroll of enchant weapon.
  4466 | D:5      | 4466 ||| ENCHANTING +2 hand axe.
  4487 | D:5      | 4487 ||| INVOKING Heroism.
  4711 | D:5      | 4711 ||| READING scroll of enchant weapon.
  4711 | D:5      | 4711 ||| ENCHANTING +3 hand axe.
  4789 | D:5      | 4789 ||| INVOKING Heroism.
  5189 | D:5      | Found Arum's Elemental Accessories.
  5274 | D:5      | 5274 ||| UPGRADING to +0 pair of gloves.
  5279 | D:5      | 5279 ||| DRINKING 2 pink potions.
  5394 | D:6      | Reached skill level 3 in Invocations
  5430 | D:6      | 5430 ||| INVOKING Heroism.
  5432 | D:6      | 5432 ||| DRINKING 2 potions of curing.
  5432 | D:6      | 5432 ||| (to cure confusion)
  5500 | D:6      | 5500 ||| Stepping ~*~*~tactically~*~*~ (hiding).
  5504 | D:6      | Noticed Sigmund
  5505 | D:6      | 5505 ||| INVOKING Heroism.
  5517 | D:6      | 5517 ||| DRINKING potion of curing.
  5517 | D:6      | 5517 ||| (to cure confusion)
  5518 | D:6      | Killed Sigmund
  5621 | D:6      | 5621 ||| INVOKING Heroism.
  5680 | D:6      | Reached ** piety under Okawaru
  5681 | D:6      | Reached skill level 9 in Axes
  5811 | D:6      | 5811 ||| Stepping ~*~*~tactically~*~*~ (hiding).
  5814 | D:6      | 5814 ||| INVOKING Heroism.
  5826 | D:6      | Reached XP level 9. HP: 31/52 MP: 11/13
  6064 | D:6      | Noticed Dowan
  6065 | D:6      | 6065 ||| Stepping ~*~*~tactically~*~*~ (hiding).
  6066 | D:6      | 6066 ||| Stepping ~*~*~tactically~*~*~ (hiding).
  6069 | D:6      | 6069 ||| INVOKING Heroism.
  6077 | D:6      | Killed Dowan
  6086 | D:6      | Noticed Duvessa
  6096 | D:6      | HP: 13/52 [Duvessa/+0 rapier (1)]
  6097 | D:6      | 6097 ||| READING scroll of teleportation.
  6099 | D:6      | Mangled by Duvessa

Levels and vault maps discovered:
D:1:      pf_arrival_petrified_forest, layout_loops_ring,
          shapermc_ecumenical_altar_pompeii
D:2:      layout_rooms, serial_shops, nicolae_shop_window_shopping, shop,
          shop_fountains, minmay_bisected
D:3:      layout_basic, doesnt_xom_only_xom, nicolae_dithmenos_shadow_blocks
D:4:      layout_rooms, okawaru_ov_weapons_minmay, trog_butcher_becter,
          minmay_temple_entry_statues_fountains, hangedman_minor_gate_pass,
          uniq_edmund
D:5:      layout_basic, good_gods_mini_temple, nicolae_yredelemnul_corpse_copse,
          portal_sewer_entry_d, st_stairs_8, grunt_decor_cap,
          nicolae_elemental_shop
D:6:      layout_basic, uniq_sigmund, uniq_duvessa
Temple:   hellmonk_temple_flake

Skill      XL: |  1  2  3  4  5  6  7  8 |
---------------+-------------------------+-----
Axes           | 3 4 5 6 7 8 9 |  9.6
Armour         | 2 3 4 |  4.5
Fighting       | 3 4 |  4.0
Invocations    | 2 4 |  4.1
Throwing       | 2 |  2.5
Dodging        | |  2.1
Spellcasting   | |  2.0
Translocations | |  2.4

Action                   |  1- 3 |  4- 6 |  7- 9 || total
-------------------------+-------+-------+-------++-------
Melee: Hand axe          |    73 |   105 |   152 ||   330
       Kick              |    12 |    33 |    61 ||   106
       Peck              |     9 |    15 |    37 ||    61
       Punch             |       |       |     3 ||     3
Throw: Boomerang         |     7 |       |     1 ||     8
       Javelin           |    24 |    33 |    19 ||    76
Invok: Heroism           |       |       |     9 ||     9
  Use: Scroll            |     3 |     5 |     3 ||    11
       Potion            |     1 |     2 |     6 ||     9
Armor: Leather armour    |    11 |       |       ||    11
       Ring mail         |     9 |       |       ||     9
       Plate armour      |     9 |    68 |    72 ||   149
Dodge: Dodged            |    35 |    20 |    29 ||    84

Table legend:
 A = Non-vault XP
 B = Vault XP
 C = Vault XP percentage of total XP
 D = Non-vault monster count
 E = Vault monster count
 F = Vault count percentage of total count
                 A         B        C        D         E       F
            +---------+---------+-------+---------+---------+-------
      Total |    1723 |     878 |  33.8 |      98 |      22 |  18.3
            +---------+---------+-------+---------+---------+-------
        D:1 |       8 |       0 |   0.0 |       6 |       0 |   0.0
        D:2 |      46 |       9 |  16.4 |      13 |       3 |  18.8
        D:3 |      60 |       0 |   0.0 |      26 |       0 |   0.0
        D:4 |     112 |     188 |  62.7 |      13 |       9 |  40.9
        D:5 |     764 |     369 |  32.6 |      22 |       8 |  26.7
        D:6 |     733 |     312 |  29.9 |      18 |       2 |  10.0
            +---------+---------+-------+---------+---------+-------
